 Dungeon Crawl Stone Soup version 0.21.1-1-g345015fe64 (webtiles) character file.

254 Jerry the Chopper (level 5, -3/63 HPs)
             Began as a Demonspawn Berserker on Feb 11, 2018.
             Was a Believer of Trog.
             Killed by divine providence
             ... invoked by an orc priest
              (10 damage)
             ... on level 3 of the Dungeon.
             The game lasted 00:05:00 (1659 turns).

Jerry the Chopper (Demonspawn Berserker)            Turns: 1659, Time: 00:05:01

Health: -3/63      AC:  9    Str: 22    XL:     5   Next: 91%
Magic:  5/5        EV: 11    Int: 10    God:    Trog [**....]
Gold:   99         SH:  0    Dex: 15    Spells: 4/4 levels left

rFire    . . .     SeeInvis .   a - +0 hand axe
rCold    . . .     Gourm    .   (no shield)
rNeg     . . .     Faith    .   e - +0 scale mail
rPois    .         Spirit   .   (no helmet)
rElec    .         Reflect  .   (no cloak)
rCorr    .         Harm     .   h - +0 pair of gloves {Dex+3}
MR       ++...                  (no boots)
Stlth    ..........             (no amulet)
HPRegen  1.20/turn              (no ring)
MPRegen  0.09/turn              (no ring)

@: berserking, lethally poisoned (-3 -> -4), regenerating, very quick
A: hooves 1, thin metallic scales 1, powered by pain 1
a: Berserk, Trog's Hand, Burn Spellbooks, Renounce Religion


You were on level 3 of the Dungeon.
You worshipped Trog.
Trog was pleased with you.
You were very hungry.

You visited 1 branch of the dungeon, and saw 3 of its levels.

You collected 99 gold pieces.

Inventory:

Hand Weapons
 a - a +0 hand axe (weapon)
Armour
 e - a +0 scale mail (worn)
 h - a +0 pair of gloves of dexterity (worn)
Jewellery
 f - an uncursed amulet of rage
Scrolls
 l - 2 scrolls of identify
Potions
 d - a potion of might {unknown}
 i - 2 potions of resistance {unknown}
 k - a potion of agility {unknown}
 m - a potion of heal wounds {unknown}
 n - a potion of brilliance {unknown}
 p - a potion of curing {unknown}
 r - 2 potions of lignification {unknown}
Comestibles
 c - 7 rations
 g - 6 chunks of flesh


   Skills:
 + Level 4.1 Fighting
 * Level 4.6 Axes
 + Level 3.1 Armour
 - Level 2.1 Dodging


You had 4 spell levels left.
You didn't know any spells.

Dungeon Overview and Level Annotations

Branches:
Dungeon (3/15)

Altars:
Ashenzari


Innate Abilities, Weirdness & Mutations

You have large cloven feet.
You are partially covered in thin metallic scales. (AC +2)
You sometimes gain a little power by taking damage.


Message History

You closely miss the orc. Your kick misses the orc.
You feel sick. The orc hits you with a flail.
* * * LOW HITPOINT WARNING * * *
A red film seems to cover your vision as you go berserk!
You feel yourself moving faster!
You feel mighty!
You are feeling very hungry.
You feel sick.
The goblin unwields an uncursed hunting sling.
The goblin hits you but does no damage. The orc hits you but does no damage.
You slash the orc!
You kill the orc!
Trog accepts your kill.
You completely miss the goblin.
You feel sick.
You closely miss the goblin.
You kill the goblin!
Trog accepts your kill.
You feel sick.
The orc priest mumbles some strange prayers to Beogh against you.
Beogh smites you!
You die...

#.##.. ###.......
......... .......r.
.......!. ....>...#
........#+####
........†(...#
..##...†@...# #...))...#
#..oo....# #....(...#
#...)[...# ...........#
............#############
....##......)............
.... #......((...#######.


You could see an orc priest and an orc.

Vanquished Creatures
  A water moccasin (D:3)
  An orc priest (D:3)
  An orc wizard (D:3)
  Terence (D:3)
  2 adders (D:2)
  A worm (D:2)
  A dart slug (D:1)
  4 orcs (D:3)
  A ball python (D:2)
  2 giant cockroaches (D:1)
  3 hobgoblins
  3 jackals (D:1)
  7 bats (D:1)
  2 frilled lizards (D:1)
  4 goblins
  6 kobolds
  5 rats
45 creatures vanquished.

Notes
Turn   | Place    | Note
-------+----------+-------------------------------------------
     0 | D:1      | Jerry the Demonspawn Berserker began the quest for the Orb.
     0 | D:1      | Reached XP level 1. HP: 18/18 MP: 1/1
   272 | D:1      | Gained mutation: You are partially covered in thin metallic scales. (AC +2) [demonic ancestry]
   272 | D:1      | Reached XP level 2. HP: 19/24 MP: 2/2
   874 | D:2      | Reached ** piety under Trog
   959 | D:2      | Reached XP level 3. HP: 20/29 MP: 3/3
  1499 | D:3      | Found a shattered altar of Ashenzari.
  1512 | D:3      | Gained mutation: You have large cloven feet. [demonic ancestry]
  1512 | D:3      | Reached XP level 4. HP: 35/35 MP: 4/4
  1601 | D:3      | Noticed Terence
  1609 | D:3      | Killed Terence
  1609 | D:3      | Gained mutation: You sometimes gain a little power by taking damage. [demonic ancestry]
  1609 | D:3      | Reached XP level 5. HP: 42/42 MP: 5/5
  1639 | D:3      | Noticed a water moccasin
  1654 | D:3      | Killed a water moccasin
  1659 | D:3      | Killed from afar by an orc priest

Skill      XL: |  1  2  3  4  5 |
---------------+----------------+-----
Axes           | 3 4 |  4.6
Armour         | 2 3 |  3.1
Dodging        | 2 |  2.1
Fighting       | 4 |  4.1

Action                   |  1- 3 |  4- 6 || total
-------------------------+-------+-------++-------
Melee: Hand axe          |    98 |    26 ||   124
       Kick              |       |    11 ||    11
Invok: Berserk           |     1 |     2 ||     3
       Trog's Hand       |       |     1 ||     1
  Use: Scroll            |     6 |       ||     6
  Eat: Chunk             |     2 |     2 ||     4
Armor: Animal skin       |    33 |     1 ||    34
       Scale mail        |       |     8 ||     8
Dodge: Dodged            |    86 |    20 ||   106
